[Event "Early-Titled-Tuesday-Blitz-March-26-2024"]
[Site "Chess.com"]
[Date "2024.03.26"]
[Round "5"]
[White "Elegance_Riks"]
[Black "chess_blitz00"]
[Result "0-1"]
[WhiteElo "2789"]
[BlackElo "2565"]
[TimeControl "180+1"]
[EndTime "8:54:29 PDT"]
[Termination "chess_blitz00 won by checkmate"]

1. Nf3 Nf6 2. c4 d6 3. g3 e5 4. Bg2 Be7 5. Nc3 O-O 6. O-O Nc6 7.
d4 exd4 8. Nxd4 Bd7 9. b3 Nxd4 10. Qxd4 Bc6 11. e4 a5 12. Bb2 Re8 13. Nd5 Bf8 14.
Nxf6+ Qxf6 15. Qxf6 gxf6 16. Bxf6 Bxe4 17. Rfe1 Bxg2 18.
Kxg2 Bg7 19. Bxg7 Kxg7 20. Kf3 Kf6 21. Rad1 Re6 22. Re4 Rae8 23. Rf4+ Kg7 24. Rd5 Re5 25. Rg4+ Kf6 26. Rf4+ Kg7 27. Rd2 b6 28. h4 h5 29.
a3 Kg6 30. b4 axb4 31. axb4 Ra8 32. Rd3 Ra4 33. b5 Rc5 34. Rdd4 f5 35. Kg2 Kf6 36. Kh3 Ke5 37. Kg2 d5 38. Rd3 Raxc4 39. Re3+ Re4 40.
Rfxe4+ dxe4 41. Rb3 Kd4 42. Rb1 Kc4 43. Kh3 Kd3 44. Kg2 Rc2 45. Kf1 Kc4 46. Kg2 e3 47.
Kf3 exf2 48. Kg2 Kd3 49. Rb3+ Ke2 50. Rf3 Ke1 51. Re3+ Re2 52. Rf3 f1=Q# 0-1

[Event "Early-Titled-Tuesday-Blitz-March-26-2024"]
[Site "Chess.com"]
[Date "2024.03.26"]
[Round "5"]
[White "Meri-Arabidze"]
[Black "Mikhail_Bryakin"]
[Result "0-1"]
[WhiteElo "2670"]
[BlackElo "2860"]
[TimeControl "180+1"]
[EndTime "8:54:31 PDT"]
[Termination "Mikhail_Bryakin won by resignation"]

1. d4 g6 2. g3 Bg7 3. Bg2 d6 4. Nf3 Nd7 5. O-O Ngf6 6. c4 O-O 7. Nc3 e5 8. e4 exd4 9. Nxd4 Nc5 10. Re1 a5 11. f3 a4 12. Be3 Bd7 13. Qc2 Re8 14.
Rad1 c6 15. Nde2 Bf8 16. g4 Qc7 17. Bf4 a3 18. b3 Rad8 19. h3 Bc8 20. Kh1 h5 21. Bg5 Be7 22. Bc1 hxg4 23. hxg4 Bxg4 24. fxg4 Nxg4 25. Ng3 Bh4 26. Bf4 Ne6 27. Qd2 Qe7 28.
Bh3 Ne5 29. Rf1 Nxf4 30. Qxf4 Bg5 31. Qf2 Kg7 32. Kg2 Rh8 33. Rh1 Rh4 34. Nce2 Rdh8 35. Nd4 Kg8 36. Nf3 Rf4 37. Nf5 gxf5 38. Bxf5 Rxh1 39.
Rxh1 Rxf3 40. Qa7 Rxf5 41. Qb8+ Qd8 42. Qxd8+ Bxd8 43. exf5 Bb6 44. Kg3 Nd3 45. f6 Bd4 46. Rd1 Be5+ 47. Kg4 Nf2+ 0-1

[Event "Early-Titled-Tuesday-Blitz-March-26-2024"]
[Site "Chess.com"]
[Date "2024.03.26"]
[Round "5"]
[White "lilleper1"]
[Black "js20000"]
[Result "1/2-1/2"]
[WhiteElo "2919"]
[BlackElo "2808"]
[TimeControl "180+1"]
[EndTime "8:54:33 PDT"]
[Termination "Game drawn - insufficient material"]

1. e4 c6 2. Nc3 d5 3. d4 dxe4 4.
Nxe4 Nd7 5. Nf3 Ngf6 6. Nxf6+ Nxf6 7. Be3 Bf5 8. Be2 h6 9. Ne5 e6 10. g4 Be4 11. f3 Bh7 12. h4 Bd6 13. Qd2 Nd5 14.
Bf2 Nb4 15. Bd1 Qe7 16. a3 Nd5 17. c4 Nb6 18. Be2 Rd8 19. Qa5 Nc8 20. O-O-O Qc7 21. Qc3 c5 22. f4 cxd4 23. Bxd4 f6 24. c5 fxe5 25. cxd6 Qxc3+ 26. Bxc3 Rxd6 27. Rxd6 Nxd6 28. Bxe5 Ke7 29. Bxg7 Rc8+ 30. Kd2 Ne4+ 31. Ke3 Ng3 32. Re1 h5 33. f5 Nxe2 34. Rxe2 hxg4 35. fxe6 Rc6 36.
Kf4 Rxe6 37. Rxe6+ Kxe6 38. Kxg4 Kf7 39. Bd4 a6 40. Kg5 Bc2 41. h5 Bd3 42. h6 Bc2 43. Kf4 Bh7 44. Ke5 Bc2 45. Kd6 Kg6 46. Be3 Be4 47. Kc7 Bh1 48. a4 Kh7 49. b4 Bg2 50. Kb6 Bh1 51. b5 axb5 52. Kxb5 Bf3 53. Kb6 Bg2 54.
a5 Bh1 55. Ka7 Bg2 56. Kb8 Bh1 57. a6 bxa6 58. Bd2 a5 59. Bxa5 Kxh6 1/2-1/2

[Event "Early-Titled-Tuesday-Blitz-March-26-2024"]
[Site "Chess.com"]
[Date "2024.03.26"]
[Round "5"]
[White "Hamisandwich"]
[Black "stollenmonster"]
[Result "1/2-1/2"]
[WhiteElo "2713"]
[BlackElo "2899"]
[TimeControl "180+1"]
[EndTime "8:54:33 PDT"]
[Termination "Game drawn by repetition"]

1. e4 c5 2. Nc3 Nc6 3. Bb5 g6 4. f4 Bg7 5. Nf3 Nd4 6. O-O e6 7. a4 Ne7 8. Nxd4 cxd4 9. Ne2 O-O 10. c3 d5 11. e5 dxc3 12. bxc3 Bd7 13. Ba3 Re8 14. Nd4 Bxb5 15. axb5 Qd7 16. Bc5 a6 17. Qa4 Qc8 18. Qb4 Bf8 19. bxa6 Rxa6 20. Rxa6 bxa6 21. Ra1 Nc6 22. Nxc6 Qxc6 23. Ra5 Bxc5+ 24. Rxc5 Qa8 25. Qa5 Qa7 26. d4 Qb8 27. Qxa6 Qb1+ 28. Qf1 Qc2 29. h3 Ra8 30. Kh2 Ra2 31. Qf3 h5 32. Qg3 Qd1 33.
Rc8+ Kh7 34. Qg5 Qf1 35. Rf8 Kg7 36. Rxf7+ Kxf7 37. Qf6+ Kg8 38. Qxg6+ Kh8 39. Qh6+ Kg8 40. Qg6+ Kh8 41. Qh6+ Kg8 42. Qg6+ 1/2-1/2

[Event "Early-Titled-Tuesday-Blitz-March-26-2024"]
[Site "Chess.com"]
[Date "2024.03.26"]
[Round "5"]
[White "zverr1"]
[Black "atalz0"]
[Result "1-0"]
[WhiteElo "2533"]
[BlackElo "2375"]
[TimeControl "180+1"]
[EndTime "8:54:33 PDT"]
[Termination "zverr1 won on time"]

1. e4 d5 2. exd5 Nf6 3. Nf3 Nxd5 4. d4 Bg4 5. Be2 Nc6 6. O-O e6 7. h3 Bh5 8. c4 Nb6 9. Be3 Bxf3 10. Bxf3 Nxc4 11. Bxc6+ bxc6 12. Qa4 Nb6 13. Qxc6+ Qd7 14.
Qb7 c6 15. Qa6 Bd6 16. Nc3 O-O 17. Ne4 Rfb8 18. Rac1 Be7 19. Rc2 Nd5 20. a3 Rb6 21. Qc4 f5 22. Nc5 Bxc5 23. dxc5 Rb5 24. Bd4 a5 25.
Re1 Re8 26. Rce2 h6 27. h4 Kh7 28. g3 Rb7 29. Qd3 Qf7 30. Re5 Rd7 31. Qf3 Qg6 32. h5 Qf7 33. Rd1 Nf6 34. Bc3 Rxd1+ 35. Qxd1 Qxh5 36.
Qxh5 Nxh5 37. Bxa5 Nf6 38. Bb6 Nd5 39. a4 Kg6 40. a5 Kf7 41. Re1 Ra8 42. Ra1 1-0

[Event "Early-Titled-Tuesday-Blitz-March-26-2024"]
[Site "Chess.com"]
[Date "2024.03.26"]
[Round "5"]
[White "Sina_Movahed"]
[Black "Kiborg95"]
[Result "0-1"]
[WhiteElo "3065"]
[BlackElo "2785"]
[TimeControl "180+1"]
[EndTime "8:54:34 PDT"]
[Termination "Kiborg95 won by resignation"]

1. Nf3 d6 2. c4 e5 3. Nc3 f5 4. d3 Nf6 5. g3 Be7 6. Bg2 O-O 7. O-O a5 8. Rb1 Qe8 9. a3 a4 10. Nb5 Bd8 11. b4 axb3 12. Qxb3 Kh8 13. c5 dxc5 14.
Bb2 Nc6 15. Rfc1 Be6 16. Qd1 e4 17. Ne5 Ba2 18. Nxc6 bxc6 19. Ra1 cxb5 20. Rxa2 Qe6 21. Raa1 Be7 22. Rab1 c6 23. Qc2 Ra4 24. Rd1 Nd5 25. Rbc1 Bd6 26. Re1 Re8 27. Rcd1 exd3 28. Qxd3 c4 29.
Bxd5 cxd5 30. Qxd5 Qxd5 31. Rxd5 Bxa3 32. Bxa3 Rxa3 33.
Rxb5 g6 34. e3 Raa8 35. Rb7 Rab8 36. Ra7 Ra8 37. Rd7 Red8 38. Rf7 Kg8 39. Re7 Rac8 40. Rc1 c3 41. Kf1 Rd2 42. Rb7 c2 43. Ke1 Rcd8 44. Rb8 Rd1+ 45. Ke2 Rxb8 0-1

[Event "Early-Titled-Tuesday-Blitz-March-26-2024"]
[Site "Chess.com"]
[Date "2024.03.26"]
[Round "5"]
[White "JimDiGrease"]
[Black "Harry_Rakkel"]
[Result "1/2-1/2"]
[WhiteElo "2952"]
[BlackElo "2736"]
[TimeControl "180+1"]
[EndTime "8:54:34 PDT"]
[Termination "Game drawn by repetition"]

1. d4 Nf6 2. c4 e6 3. Nf3 b6 4. g3 Ba6 5. Qb3 c6 6. Nc3 d5 7. cxd5 cxd5 8. Bf4 Nc6 9. Qa4 Bb7 10. Ne5 Rc8 11. e3 Nd7 12. Nxc6 Bxc6 13. Bb5 Bxb5 14. Nxb5 a6 15. Qxa6 Bb4+ 16. Kf1 O-O 17. Kg2 g5 18.
Be5 Nxe5 19. dxe5 d4 20. Nxd4 Qd5+ 21. Kh3 h5 22. f3 g4+ 23. fxg4 hxg4+ 24. Kxg4 Qe4+ 25. Kh3 Kg7 26. g4 Qxe3+ 27. Kg2 Qxd4 28. Qe2 Qd5+ 29. Kg3 Rc5 30. Rad1 Qxe5+ 31. Qxe5+ Rxe5 32. a3 Be7 33. Rd3 Rh8 34. Rf1 Bh4+ 35. Kg2 Re2+ 36.
Kg1 Be7 37. h3 Bc5+ 38. Kh1 Rxb2 39. Rff3 Rc2 40. Rd7 Rf8 41. h4 e5 42. Rd5 e4 43.
Rg5+ Kh7 44. Rh5+ Kg6 45. Rg5+ Kh6 46. Rh5+ Kg6 47. Rg5+ Kh6 48. Rh5+ Kg6 1/2-1/2

[Event "Early-Titled-Tuesday-Blitz-March-26-2024"]
[Site "Chess.com"]
[Date "2024.03.26"]
[Round "5"]
[White "blitzking1729"]
[Black "artooon"]
[Result "0-1"]
[WhiteElo "2759"]
[BlackElo "3026"]
[TimeControl "180+1"]
[EndTime "8:54:35 PDT"]
[Termination "artooon won on time"]

1. c4 Nf6 2. Nc3 e6 3. Nf3 d5 4. e3 a6 5. b3 Nbd7 6. Bb2 Bd6 7. Rc1 O-O 8. cxd5 exd5 9. g3 c6 10. Bg2 Nc5 11. Qc2 Bg4 12. O-O Qd7 13. d3 Rfe8 14. Ne2 Qd8 15. h3 Bf5 16. Rcd1 h6 17. b4 Ne6 18.
Ned4 Nxd4 19. Nxd4 Bd7 20. a3 Qe7 21. Rfe1 Rac8 22.
Nb3 b6 23. e4 dxe4 24. dxe4 Be5 25. Bxe5 Qxe5 26. f4 Qe7 27. e5 Nd5 28. Kh2 h5 29. Qf2 a5 30. f5 axb4 31. Nd4 Nc3 32. Rc1 c5 33. f6 Qf8 34. Nf5 Bxf5 35. Qxf5 g6 36. Qg5 Kh7 37. e6 Rxe6 38. Rxe6 fxe6 39. axb4 cxb4 40. Ra1 Qf7 41. Rc1 Rc5 42. Qf4 Ne2 0-1

[Event "Early-Titled-Tuesday-Blitz-March-26-2024"]
[Site "Chess.com"]
[Date "2024.03.26"]
[Round "5"]
[White "Fore_Man"]
[Black "MVM2008"]
[Result "1-0"]
[WhiteElo "2290"]
[BlackElo "2461"]
[TimeControl "180+1"]
[EndTime "8:54:35 PDT"]
[Termination "Fore_Man won by resignation"]

1. Nf3 Nc6 2. d4 Nf6 3. c4 d6 4. Nc3 g6 5. g3 Bg7 6. Bg2 Nd7 7. O-O e5 8. d5 Ne7 9. e4 h6 10. h4 O-O 11. Bd2 f5 12. Qc1 Kh7 13. Bh3 Nc5 14. exf5 gxf5 15. Be3 f4 16. Bxc8 fxe3 17. Bg4 exf2+ 18.
Rxf2 e4 19. Qc2 Bxc3 20. bxc3 Ng6 21. Nd4 Qe7 22. Bf5 Qe5 23. h5 Nd3 24. Bxg6+ Kg7 25. Rg2 Rf6 26. Ne6+ Kg8 27. Qd2 Rxe6 28. dxe6 Qg7 29.
Rf1 Ne5 30. Qf4 Nf3+ 31. Rxf3 exf3 32. Qf7+ Qxf7 33. Bxf7+ Kf8 34. Rf2 Ke7 35. Rxf3 a6 36. Kf2 b5 37. cxb5 axb5 38. g4 Rxa2+ 39. Kg3 c5 40. g5 hxg5 41. h6 Ra1 42. Rf2 b4 43. cxb4 cxb4 44. h7 Rh1 45. Rh2 Rg1+ 46. Kf2 b3 47.
Kxg1 1-0

[Event "Early-Titled-Tuesday-Blitz-March-26-2024"]
[Site "Chess.com"]
[Date "2024.03.26"]
[Round "5"]
[White "MikeWizard"]
[Black "CURRUTACO59"]
[Result "0-1"]
[WhiteElo "2092"]
[BlackElo "2282"]
[TimeControl "180+1"]
[EndTime "8:54:35 PDT"]
[Termination "CURRUTACO59 won by checkmate"]

1. d4 Nf6 2. c4 e6 3. Nf3 Bb4+ 4. Bd2 a5 5. g3 d6 6. Bg2 Nbd7 7. Nc3 O-O 8. O-O e5 9. a3 Bxc3 10. Bxc3 e4 11. Ng5 e3 12. fxe3 Ng4 13. h4 h6 14. Nh3 Nxe3 15. Qd3 Nxg2 16. Kxg2 Nf6 17. Nf4 Qe7 18. d5 Ne4 19. Bd4 Bg4 20. Ne6 Bxe6 21. dxe6 Qxe6 22. Rf3 Rae8 23. Re3 f5 24. Rf1 Qg6 25.
Ref3 Rf7 26. b3 b6 27. Bb2 Qe6 28. Qd4 Nf6 29. Qd3 g6 30. e3 Qe4 31. Qd2 Kh7 32. Bd4 Ng4 33. Kh3 c5 34. Bc3 Nxe3 35. Rxe3 Qxe3 36. Qxe3 Rxe3 37. Rc1 f4 38. Bd2 Rxg3+ 39.
Kh2 Rd3 40. Bxf4 Rxf4 41. Rd1 Rxd1 42. Kg3 Rdd4 43. Kh3 Rfe4 44. h5 Rd3+ 45. Kg2 Re2+ 46. Kf1 Ra2 47. Ke1 Rxb3 48. Kd1 Rb1# 0-1

[Event "Early-Titled-Tuesday-Blitz-March-26-2024"]
[Site "Chess.com"]
[Date "2024.03.26"]
[Round "5"]
[White "Switzerlamb"]
[Black "jk13"]
[Result "0-1"]
[WhiteElo "2564"]
[BlackElo "2719"]
[TimeControl "180+1"]
[EndTime "8:54:36 PDT"]
[Termination "jk13 won by resignation"]

1. Nf3 d5 2. d4 e6 3. c4 Nf6 4. Nc3 c6 5. g3 Nbd7 6. Bg2 dxc4 7. Nd2 Nb6 8. e3 e5 9. dxe5 Ng4 10. Nf3 Qxd1+ 11. Nxd1 Nd7 12. O-O Ngxe5 13. Nd4 Nb6 14. Nc3 Be7 15. e4 O-O 16. Rb1 Bc5 17. Nf5 Be6 18. Be3 Bxe3 19. Nxe3 f6 20. f4 Nd3 21. Rfd1 Rad8 22. Bf1 Rd7 23. Be2 Rfd8 24. Kg2 Kf8 25. Kf3 Bf7 26. g4 g5 27. Bxd3 cxd3 28. f5 Rd4 29.
Rd2 Nd7 30. h4 h6 31. Rh1 Kg7 32. Rdh2 Ne5+ 33. Kg3 d2 34. hxg5 hxg5 35. Rh7+ Kf8 36. a3 a5 37. Rh8+ Ke7 38. Rxd8 Rxd8 39. Rd1 Bb3 40.
Rh1 b5 41. Rh7+ Bf7 42. Ncd1 Rd4 43. Nf2 Kd6 44. Rh6 Ke7 45. Rh8 Nc4 46. Ned1 Nb6 47.
Rb8 Na4 48. Ra8 Nc5 49. Rxa5 Nxe4+ 50. Kf3 Nxf2 51. Kxf2 Re4 52. Ra7+ Kf8 53. Rd7 Bd5 54. a4 Re1 55. Nc3 d1=Q 56. Nxd1 Rxd1 57. axb5 cxb5 0-1

[Event "Early-Titled-Tuesday-Blitz-March-26-2024"]
[Site "Chess.com"]
[Date "2024.03.26"]
[Round "5"]
[White "Sanan_Sjugirov"]
[Black "Byniolus"]
[Result "1-0"]
[WhiteElo "3016"]
[BlackElo "2752"]
[TimeControl "180+1"]
[EndTime "8:54:38 PDT"]
[Termination "Sanan_Sjugirov won on time"]

1. d4 d5 2. c4 c6 3. Nf3 Nf6 4. e3 Bf5 5. Nc3 e6 6. Nh4 Be4 7. f3 Bg6 8. Qb3 Qb6 9. Nxg6 hxg6 10. Bd2 Nbd7 11. O-O-O Qxb3 12. axb3 Bd6 13. h3 O-O-O 14. Bd3 a6 15. Kc2 c5 16. g4 Kb8 17. h4 Rc8 18. Kb1 Nb6 19. dxc5 Bxc5 20. e4 dxc4 21. bxc4 e5 22.
Nd5 Bd4 23. b3 Nbxd5 24. exd5 Rce8 25. Kc2 Ka7 26. b4 e4 27. fxe4 Nxg4 28. Rdf1 f6 29. c5 Nf2 30. Rh2 Ng4 31. Rg2 Ne5 32. Be1 Rh5 33. Be2 Rhh8 34. Kb3 a5 35. Bg3 axb4 36. Kxb4 Rc8 37. Rc1 Rhe8 38. Bb5 b6 39. Ra2+ Kb7 40. c6+ Kc7 41. Ra7+ Kb8 42. Rb7+ Ka8 43. Rc2 Bc5+ 44. Kb3 Nxc6 45. Bxc6 1-0

[Event "Early-Titled-Tuesday-Blitz-March-26-2024"]
[Site "Chess.com"]
[Date "2024.03.26"]
[Round "5"]
[White "artin10862"]
[Black "Korchmar_Vasiliy"]
[Result "1-0"]
[WhiteElo "2902"]
[BlackElo "2701"]
[TimeControl "180+1"]
[EndTime "8:54:38 PDT"]
[Termination "artin10862 won by resignation"]

1. c4 c6 2. Nf3 d5 3. g3 g6 4. Qa4 dxc4 5. Qxc4 Bg7 6. Bg2 Nh6 7. O-O Nf5 8. Rd1 O-O 9. Nc3 Be6 10. Qf4 a5 11. h4 Na6 12. h5 Nb4 13. d3 Nc2 14.
Rb1 b5 15. Ng5 b4 16. Nxe6 fxe6 17. Qd2 bxc3 18. bxc3 Nce3 19. fxe3 Bh6 20. Qe1 Bxe3+ 21. Kh2 Qd6 22. Be4 Bxc1 23. Rdxc1 Ne3 24. hxg6 hxg6 25.
Bf3 Kg7 26. Kg1 Nf5 27. Kg2 Ne3+ 28. Kg1 Rh8 29. Kf2 Nf5 30. Qg1 Rh3 31. g4 Nh4 32.
Be4 Rf8+ 33. Ke1 Rg3 34. Qd4+ Qxd4 35. cxd4 Rxg4 36. Kd2 Nf5 37. Rb7 Nxd4 38. Rxe7+ Rf7 39. Rxf7+ Kxf7 40. Rc5 Rf4 41. Ke3 e5 42. Rxe5 Ne6 43.
Rxe6 Kxe6 44. Kxf4 1-0

[Event "Early-Titled-Tuesday-Blitz-March-26-2024"]
[Site "Chess.com"]
[Date "2024.03.26"]
[Round "5"]
[White "arenal72"]
[Black "ural58"]
[Result "1/2-1/2"]
[WhiteElo "2612"]
[BlackElo "2460"]
[TimeControl "180+1"]
[EndTime "8:54:38 PDT"]
[Termination "Game drawn by repetition"]

1. Nf3 d5 2. g3 Nc6 3. d4 Bf5 4. c4 e6 5. cxd5 exd5 6. a3 Bd6 7. Bg2 Nf6 8. Nc3 O-O 9. Bg5 Be6 10. O-O h6 11. Bxf6 Qxf6 12. e4 dxe4 13. Nxe4 Qf5 14.
Nxd6 cxd6 15. Nh4 Qb5 16. d5 g5 17. dxe6 gxh4 18. Qxd6 Rad8 19. exf7+ Kg7 20. Qf4 Qg5 21. Qxg5+ hxg5 22. Bxc6 bxc6 23. Rac1 Rd6 24. Rc5 Rg6 25. Rfc1 Rc8 26. Rf5 Rf8 27. Rcc5 hxg3 28. hxg3 g4 29. Ra5 Rxf7 30. Rxf7+ Kxf7 31. Rxa7+ Ke6 32. Ra4 Kd5 33. Kg2 c5 34. Rf4 Rb6 35. Rxg4 Rxb2 36. Rg8 c4 37. Rd8+ Ke4 38. Rc8 Kd3 39. g4 c3 40. g5 c2 41. Kg3 Rb1 42. g6 Rg1+ 43. Kf4 Rxg6 44. Ke5 Rg1 45. f4 c1=Q 46. Rxc1 Rxc1 47.
f5 Re1+ 48. Kd6 Rf1 49. Ke6 Re1+ 50. Kd6 Rf1 51. Ke6 Re1+ 52. Kd6 1/2-1/2

[Event "Early-Titled-Tuesday-Blitz-March-26-2024"]
[Site "Chess.com"]
[Date "2024.03.26"]
[Round "5"]
[White "Ginger_GM"]
[Black "KevinGeorgeMicheal"]
[Result "1-0"]
[WhiteElo "2581"]
[BlackElo "2398"]
[TimeControl "180+1"]
[EndTime "8:54:38 PDT"]
[Termination "Ginger_GM won by checkmate"]

1. e4 e5 2. f4 d5 3. exd5 exf4 4. Nf3 Nf6 5. Bc4 Nxd5 6. Nc3 Nxc3 7. dxc3 Bd6 8. O-O O-O 9. Nd4 Nd7 10. Bxf4 Bxf4 11.
Rxf4 Nb6 12. Bd3 Qg5 13. Qf3 Nd5 14. Re4 Nf6 15. Re7 c5 16. Nf5 c4 17. h4 Qg6 18.
Re5 Qg4 19. Be2 Qxf3 20. Bxf3 Be6 21. Nd4 Bg4 22. Bxb7 Rab8 23. Re7 Bd7 24. Bf3 Rxb2 25. a4 a5 26. Re5 Rfb8 27. Rxa5 g6 28. Kh2 Kg7 29. Rc5 Rb1 30. Rxb1 Rxb1 31. Rxc4 Ra1 32. Rc7 Bxa4 33. g4 Be8 34. g5 Nh5 35. Bxh5 gxh5 36. Nf5+ Kf8 37. Kg3 Re1 38. Nd6 Re6 39. Nf5 Re5 40. Kf4 Re1 41. Nd6 Re6 42. Ne4 Ba4 43. Nf6 Be8 44. Rc8 Re1 45. c4 Kg7 46. Nxe8+ Kg6 47.
Rc6+ f6 48. Rxf6# 1-0

[Event "Early-Titled-Tuesday-Blitz-March-26-2024"]
[Site "Chess.com"]
[Date "2024.03.26"]
[Round "5"]
[White "Khromkin"]
[Black "carloseduar100"]
[Result "1-0"]
[WhiteElo "2430"]
[BlackElo "2199"]
[TimeControl "180+1"]
[EndTime "8:54:38 PDT"]
[Termination "Khromkin won on time"]

1. d4 d5 2. c4 e5 3. dxe5 d4 4. Nf3 Nc6 5. g3 Nge7 6. Bg2 Ng6 7. Bg5 Be7 8. Bxe7 Qxe7 9. Nbd2 Ngxe5 10. O-O O-O 11. Nxe5 Nxe5 12. Nf3 Nxc4 13. Qxd4 Nd6 14. e3 h6 15. Rfc1 c6 16. b4 Be6 17. a4 Rfd8 18.
Qc5 Rac8 19. Nd4 Bd5 20. Bxd5 cxd5 21. Qxa7 Nc4 22. a5 Qe4 23. Re1 Rc7 24. a6 Qe7 25. axb7 Rxb7 26. Qc5 Qe4 27. b5 Rdb8 28. Nc6 Rxb5 29.
Qd4 Qxd4 30. exd4 R8b7 31. Ra8+ Kh7 32. Nd8 Rd7 33. Re8 g5 34. Nc6 Rb1+ 35. Kg2 Nd2 36.
Ne5 Rc7 37. Rh8+ Kg7 38. Ng4 f5 39. Rag8+ Kf7 40. Ne5+ Ke6 41. Rg6+ Ke7 42. Rh7+ Kf8 43. Rxc7 Ne4 44. Rxh6 1-0

[Event "Early-Titled-Tuesday-Blitz-March-26-2024"]
[Site "Chess.com"]
[Date "2024.03.26"]
[Round "5"]
[White "Yeritsyaan"]
[Black "Eagle_2019"]
[Result "0-1"]
[WhiteElo "2674"]
[BlackElo "2861"]
[TimeControl "180+1"]
[EndTime "8:54:39 PDT"]
[Termination "Eagle_2019 won by resignation"]

1. Nf3 d5 2. c4 e6 3. g3 Nf6 4. Bg2 Be7 5. O-O O-O 6. b3 d4 7. Bb2 c5 8. d3 Nc6 9. a3 e5 10. Nbd2 h6 11. Ne1 Bf5 12. Nc2 Qd7 13. Rb1 Bh3 14.
b4 cxb4 15. axb4 Nxb4 16. Nxb4 Bxb4 17. Nf3 Bxg2 18. Kxg2 Bd6 19. Qb3 Rfe8 20. Rfc1 Bc5 21. Ba3 b6 22. Nd2 h5 23. Bxc5 bxc5 24. Qb7 Qg4 25.
h3 Qxe2 26. Nf3 Qxd3 27. Nxe5 Qe4+ 28. Qxe4 Nxe4 29. Nd3 a5 30. Rb5 a4 31. Ra1 a3 32.
Nxc5 Nd2 33. Nb3 Nxc4 34. Nxd4 Red8 35. Nf3 a2 36. Rb4 Rdc8 37. Nd4 Ra3 38. Rb3 Rxb3 39.
Nxb3 Rb8 40. Nc1 Rb1 41. Rxa2 Rxc1 42. h4 g6 43. Kf3 Ne5+ 44. Ke4 Ng4 45. f3 Rc4+ 46.
Kd5 Ne3+ 47. Kd6 Nf5+ 48. Kd5 Rb4 49. Kc5 Rb3 50. g4 hxg4 51. fxg4 Nxh4 52. Kd5 Kg7 53. Ke4 Rb4+ 54. Ke5 Rxg4 0-1

[Event "Early-Titled-Tuesday-Blitz-March-26-2024"]
[Site "Chess.com"]
[Date "2024.03.26"]
[Round "5"]
[White "Hope_6"]
[Black "JJDAREK"]
[Result "1-0"]
[WhiteElo "2687"]
[BlackElo "2383"]
[TimeControl "180+1"]
[EndTime "8:54:39 PDT"]
[Termination "Hope_6 won on time"]

1. d4 d6 2. c4 e5 3. dxe5 dxe5 4. Qc2 Nc6 5. Nc3 Nd4 6. Qb1 Bf5 7. e4 Be6 8. Be3 c6 9. Nf3 Nxf3+ 10. gxf3 Ne7 11. Qc2 Ng6 12. Rd1 Qc7 13. Be2 Be7 14. O-O O-O 15. Kh1 Rad8 16. a3 Nf4 17. b4 a5 18.
c5 axb4 19. axb4 Bh3 20. Rg1 Rxd1 21. Nxd1 h6 22. Bxf4 exf4 23. Nb2 Rd8 24. Nc4 Bf6 25. Nd6 Be5 26. Nc4 Bd4 27. Bd3 Bf6 28. Qe2 Be6 29.
e5 Bg5 30. Qe4 g6 31. Nd6 Ra8 32. h4 Bd5 33. Qe2 Bxh4 34. Rg4 g5 35. Kg2 Ra2 36. Qd1 Qd8 37. Be2 Qa8 38. Qd3 Ra3 39. Qf5 Ra2 40. Rxh4 gxh4 41. Qg4+ Kf8 42. Bd3 Qa3 43. Bf5 Qb2 44. Qxh4 1-0

[Event "Early-Titled-Tuesday-Blitz-March-26-2024"]
[Site "Chess.com"]
[Date "2024.03.26"]
[Round "5"]
[White "Davidalhesa2007"]
[Black "rcmz"]
[Result "1/2-1/2"]
[WhiteElo "1870"]
[BlackElo "2211"]
[TimeControl "180+1"]
[EndTime "8:54:39 PDT"]
[Termination "Game drawn by repetition"]

1. d4 d6 2. Nc3 Nd7 3. Bf4 h6 4. e3 g5 5. Bg3 Bg7 6. Bd3 c6 7. f3 Ngf6 8. Nge2 e5 9. dxe5 dxe5 10. e4 Qe7 11. Qd2 Nf8 12. O-O-O Ng6 13. Bf2 Be6 14.
Qe3 b6 15. Kb1 Nf4 16. Nxf4 exf4 17. Qe2 Rd8 18. Bc4 Nd7 19. Bd4 Ne5 20. Bxe5 Bxe5 21. Rxd8+ Kxd8 22. Rd1+ Kc7 23. Bxe6 Qxe6 24. Qa6 Kb8 25.
Qd3 Kc7 26. Qa6 Kb8 27. Qd3 b5 28. Qd7 Bxc3 29. Qxe6 fxe6 30. bxc3 Kc7 31. e5 Re8 32.
Rd2 Rd8 33. Rxd8 Kxd8 34. c4 b4 35. c3 a5 36. cxb4 axb4 37. a3 bxa3 38. Ka2 Kc7 39.
Kxa3 Kb6 40. Kb4 Ka6 41. Ka4 Kb6 42. Kb4 c5+ 43. Ka4 Ka6 44. g3 Kb6 45. g4 Ka6 46.
h3 Kb6 47. Ka3 Ka5 48. Kb3 Kb6 49. Ka4 Ka6 50. Ka3 Ka5 51. Kb3 Kb6 52. Ka4 Ka6 53. Ka3 Ka5 1/2-1/2

[Event "Early-Titled-Tuesday-Blitz-March-26-2024"]
[Site "Chess.com"]
[Date "2024.03.26"]
[Round "5"]
[White "Aradhya2000"]
[Black "wonderfultime"]
[Result "0-1"]
[WhiteElo "2745"]
[BlackElo "2999"]
[TimeControl "180+1"]
[EndTime "8:54:40 PDT"]
[Termination "wonderfultime won by checkmate"]

1. d4 d5 2. c4 c6 3. Nf3 Nf6 4. Nc3 a6 5. e3 Bf5 6. Nh4 Be4 7. f3 Bg6 8. Qb3 Ra7 9. Bd2 e6 10. Nxg6 hxg6 11. O-O-O dxc4 12. Bxc4 b5 13. Be2 c5 14. dxc5 Bxc5 15. Kb1 Rd7 16. Qc2 O-O 17. e4 Nc6 18.
Nxb5 Qb6 19. Nc3 Bd4 20. Na4 Qb7 21. Nc5 Bxc5 22. Qxc5 Rc8 23. Bc3 Nd4 24. Qxd4 Rxd4 25. Bxd4 Nxe4 26. Rhe1 Nf6 27. b3 Nd5 28. Ka1 Nb4 29. Kb2 Rc2+ 30. Kb1 Rxa2 31. Bc3 Nd5 32. Kxa2 Nxc3+ 33. Kb2 Nxd1+ 34. Rxd1 a5 35. Rd4 Qc7 36. Bd3 Qxh2 37. Kc3 Qxg2 38. Be4 f5 39. Bc6 Qf2 40. Rd8+ Kh7 41. Rc8 Qc5+ 42. Kb2 Qd4+ 43. Ka3 Qa1# 0-1

[Event "Early-Titled-Tuesday-Blitz-March-26-2024"]
[Site "Chess.com"]
[Date "2024.03.26"]
[Round "5"]
[White "YegoryoCh"]
[Black "Goryachkina"]
[Result "0-1"]
[WhiteElo "2497"]
[BlackElo "2675"]
[TimeControl "180+1"]
[EndTime "8:54:41 PDT"]
[Termination "Goryachkina won by resignation"]

1. e4 c5 2. Nf3 Nc6 3. Bb5 g6 4. O-O Bg7 5. Re1 Nf6 6. e5 Nd5 7. Nc3 Nc7 8. Bxc6 dxc6 9. h3 O-O 10. d3 h6 11. a4 a5 12. Be3 b6 13. Ne4 Nd5 14.
Qd2 Kh7 15. Rad1 Bf5 16. Ng3 Be6 17. Ne2 Qd7 18. Nf4 Nxf4 19. Bxf4 c4 20. d4 Bd5 21. Qe3 b5 22. Nd2 Qf5 23. Ne4 g5 24. Bg3 Rad8 25.
c3 b4 26. Nc5 Qg6 27. cxb4 axb4 28. Qd2 b3 29. a5 Ra8 30. a6 h5 31. e6 f6 32. Bh2 Bh6 33. Qa5 g4 34. h4 g3 35.
Bxg3 f5 36. Qc7 f4 37. Qxe7+ Kh8 38. Nd7 fxg3 39. f3 Rxf3 40. gxf3 Qc2 41. Qf6+ Bg7 0-1

[Event "Early-Titled-Tuesday-Blitz-March-26-2024"]
[Site "Chess.com"]
[Date "2024.03.26"]
[Round "5"]
[White "AnaKuchava"]
[Black "MNyuyu"]
[Result "1/2-1/2"]
[WhiteElo "2142"]
[BlackElo "2410"]
[TimeControl "180+1"]
[EndTime "8:54:43 PDT"]
[Termination "Game drawn - insufficient material"]

1. d4 d5 2. Nf3 e6 3. c4 Nf6 4. Nc3 Be7 5. Bg5 O-O 6. e3 Nbd7 7. Bd3 c6 8. O-O dxc4 9. Bxc4 Nd5 10. Bxe7 Qxe7 11.
e4 Nxc3 12. bxc3 b6 13. Qe2 b5 14. Bd3 Bb7 15. a4 a6 16. axb5 cxb5 17. Rfc1 Rfc8 18. h3 Nb6 19. Nd2 Rc7 20. c4 bxc4 21. Nxc4 Nxc4 22.
Rxc4 Rac8 23. Rac1 g6 24. Rxc7 Rxc7 25. Rxc7 Qxc7 26. Bxa6 Qc1+ 27. Qf1 Qxf1+ 28. Bxf1 Bxe4 29. f3 Bd5 30. Kf2 Kf8 31. Ke3 Ke7 32. f4 h5 33.
g4 hxg4 34. hxg4 Kf6 35. Bb5 g5 36. Be8 gxf4+ 37. Kxf4 Ke7 38. Bb5 f6 39. g5 f5 40.
Ke5 Kf7 41. Bd7 Kg6 42. Bxe6 Bxe6 43. Kxe6 f4 44. d5 f3 45. d6 f2 46. d7 f1=Q 47. d8=Q Qf5+ 48. Ke7 Qxg5+ 49. Kd7 Qb5+ 50. Kc7 Qa5+ 51.
Kd7 Qa7+ 52. Qc7 Qa1 53. Qd6+ Kf5 54. Qe6+ Kg5 55. Qd5+ Kf4 56. Qd6+ Kf3 57. Qf8+ Ke2 58. Qe7+ Kd3 59. Qd6+ Qd4 60. Qxd4+ Kxd4 1/2-1/2